[Event "Late-Titled-Tuesday-Blitz-June-04-2024"]
[Site "Chess.com"]
[Date "2024.06.04"]
[Round "4"]
[White "BardArtem"]
[Black "StellarChess"]
[Result "1-0"]
[WhiteElo "2726"]
[BlackElo "2529"]
[TimeControl "180+1"]
[EndTime "14:38:13 PDT"]
[Termination "BardArtem won by resignation"]

1. e4 e5 2. Nf3 Nf6 3. Nc3 Bb4 4. Nxe5 O-O 5. Nd3 Bxc3 6. dxc3 Nxe4 7. Be2 Re8 8. O-O d5 9. Bf3 c6 10. Re1 Bf5 11. Nf4 Nd7 12. Be3 Ndf6 13. Bd4 Qc7 14. g3 Rad8 15. a4 c5 16. Bxf6 Nxf6 17. Rxe8+ Rxe8 18. Nxd5 Nxd5 19. Qxd5 Bxc2 20. Qxb7 Qxb7 21. Bxb7 Rb8 22.
Re1 Bxa4 23. Re7 Re8 24. Rc7 Kf8 25. Rxc5 Rb8 26. Rc7 a5 27. f4 Be8 28. Kf2 a4 29. Ke3 Rd8 30. Rc8 Rxc8 31. Bxc8 Ke7 32. Kd4 Kd6 33. c4 Kc7 34. Ba6 Kb6 35. Bc8 Kc7 36. Bf5 g6 37. Bc2 Kb6 38. Bd3 Ka5 39. Kc5 f6 40. Bc2 h6 41. b4+ axb3 42. Bxb3 g5 43. h4 gxh4 44. gxh4 Bh5 45. Bc2 Bf3 46. Bh7 Bg2 47. Bg8 Bf3 48. Bd5 Bg4 49. Kd6 Kb4 50. c5 Kb5 51. c6 Kb6 52. c7 Bc8 53. Be6 Bxe6 54. Kxe6 Kxc7 55. Kxf6 1-0

[Event "Late-Titled-Tuesday-Blitz-June-04-2024"]
[Site "Chess.com"]
[Date "2024.06.04"]
[Round "4"]
[White "NoSpaghettiForYou"]
[Black "Legit"]
[Result "1-0"]
[WhiteElo "2555"]
[BlackElo "2751"]
[TimeControl "180+1"]
[EndTime "14:38:14 PDT"]
[Termination "NoSpaghettiForYou won by resignation"]

1. Nf3 c5 2. e4 d6 3. Nc3 Nf6 4. h3 a6 5. a4 g6 6. Bc4 Bg7 7.
O-O Nc6 8. d3 O-O 9. Bg5 Rb8 10.
Qd2 Nd4 11. Nxd4 cxd4 12. Ne2 d5 13. exd5 Nxd5 14. Bh6 Nf6 15. Bxg7 Kxg7 16. Qf4 Bd7 17. Qxd4 Qc7 18. Ng3 Bc6 19. Rae1 Rbd8 20. Qe3 Bxa4 21. Qg5 Kh8 22. Ne4 Ng8 23. Qh4 Be8 24. Ng5 h6 25. Nf3 Kg7 26. Re3 g5 27. Nxg5 hxg5 28. Qxg5+ Kh7 29. Qf5+ Kh8 30. Qh5+ Kg7 31. Rg3+ Qxg3 32.
fxg3 f6 33. Qg4+ Bg6 34. h4 Nh6 35. Qe6 Ng8 36. Qb6 Rd7 37. g4 e5 38. g5 fxg5 39. Rxf8 Kxf8 40. Qxg6 gxh4 41. Qxg8+ Ke7 42. Qf7+ 1-0

[Event "Late-Titled-Tuesday-Blitz-June-04-2024"]
[Site "Chess.com"]
[Date "2024.06.04"]
[Round "4"]
[White "artin10862"]
[Black "Seppppppy"]
[Result "1-0"]
[WhiteElo "2951"]
[BlackElo "2201"]
[TimeControl "180+1"]
[EndTime "14:38:15 PDT"]
[Termination "artin10862 won by checkmate"]

1. d4 Nf6 2. Bg5 c5 3. d5 Qb6 4. Nc3 Qxb2 5. Bd2 Qb6 6. e4 d6 7.
Nf3 Nbd7 8. Bd3 g6 9. O-O Bg7 10. h3 O-O 11. Re1 Ne8 12. a4 a6 13. a5 Qd8 14.
Na4 e6 15. c4 e5 16. Qb1 Nef6 17. Nh2 Nh5 18. g3 Ndf6 19. Kg2 Qd7 20. g4 Rb8 21. Nb6 Qe7 22. gxh5 Nxh5 23. Ra3 Qh4 24. Nxc8 Rbxc8 25. Qxb7 f5 26. exf5 gxf5 27. Bxf5 Rb8 28. Qd7 Rbd8 29.
Qe6+ Kh8 30. Rf3 Rde8 31. Qxd6 Bf6 32. Ng4 Rg8 33. Kh1 Bg5 34. Bxg5 Qxg5 35. Rxe5 Qc1+ 36. Kg2 Nf4+ 37. Rxf4 Qxf4 38. Qf6+ Rg7 39. Rxe8# 1-0

[Event "Late-Titled-Tuesday-Blitz-June-04-2024"]
[Site "Chess.com"]
[Date "2024.06.04"]
[Round "4"]
[White "WilliamAlfaroCaracas"]
[Black "YurasovMat-2012"]
[Result "0-1"]
[WhiteElo "2392"]
[BlackElo "2598"]
[TimeControl "180+1"]
[EndTime "14:38:15 PDT"]
[Termination "YurasovMat-2012 won on time"]

1. Nf3 Nf6 2. c4 d5 3. cxd5 Nxd5 4. e4 Nb6 5. d4 g6 6. h4 Bg4 7. h5 gxh5 8. Nc3 Bg7 9. Be3 Nc6 10. d5 Ne5 11.
Be2 Nxf3+ 12. Bxf3 Qd7 13. Rxh5 Bxh5 14. Bxh5 Nc4 15. Bd4 e5 16. Bc5 b6 17. Bg4 f5 18.
Bxf5 Qf7 19. Qa4+ Kd8 20. Qxc4 bxc5 21. Qxc5 Bf8 22. Qc6 Rb8 23. Nb5 Bb4+ 24. Ke2 a6 25. Qxa6 Qh5+ 26. g4 Qg5 27. Na7 Qd2+ 28. Kf3 Bc5 29.
Qf6+ Ke8 0-1

[Event "Late-Titled-Tuesday-Blitz-June-04-2024"]
[Site "Chess.com"]
[Date "2024.06.04"]
[Round "4"]
[White "KNVB"]
[Black "ImportedItalianMaple"]
[Result "1-0"]
[WhiteElo "2774"]
[BlackElo "2548"]
[TimeControl "180+1"]
[EndTime "14:38:19 PDT"]
[Termination "KNVB won by resignation"]

1. d4 g6 2. e4 Bg7 3. c4 d6 4. Nc3 Nc6 5. Be3 e5 6. Nge2 exd4 7. Nxd4 Nge7 8. Qd2 O-O 9. Be2 f5 10. Nxc6 bxc6 11. O-O fxe4 12. Nxe4 Nf5 13. Bf4 Nd4 14.
Bd3 Bf5 15. Rae1 Qd7 16. Bh6 Rae8 17. b3 c5 18. Bxg7 Kxg7 19. Nc3 c6 20. f3 Rxe1 21. Rxe1 Bxd3 22. Qxd3 Re8 23. Rxe8 Qxe8 24. Qe4 Qf7 25. Kf2 Qf6 26. Qe3 Kf7 27. Ne4 Qe5 28. f4 Qe7 29. Ng5+ Kg7 30. Qxe7+ 1-0

[Event "Late-Titled-Tuesday-Blitz-June-04-2024"]
[Site "Chess.com"]
[Date "2024.06.04"]
[Round "4"]
[White "Alphafischer2019"]
[Black "NajdorfPlayerc5"]
[Result "0-1"]
[WhiteElo "2628"]
[BlackElo "2456"]
[TimeControl "180+1"]
[EndTime "14:38:21 PDT"]
[Termination "NajdorfPlayerc5 won by checkmate"]

1. Nf3 Nf6 2. g3 b6 3. Bg2 Bb7 4. c4 e6 5. Nc3 Be7 6. O-O O-O 7. Re1 d5 8. Ne5 c5 9. d3 Nc6 10. Bf4 Bd6 11. Nxc6 Bxc6 12. Bg5 Be7 13. Qb3 dxc4 14. Qxc4 Bxg2 15. Kxg2 Nd5 16. Bxe7 Nxe7 17. Rad1 Rc8 18. d4 cxd4 19. Qxd4 Qxd4 20. Rxd4 Rfd8 21. Red1 Nc6 22. Rd7 Kf8 23. Nb5 Ke8 24. R7d6 Ke7 25. e4 Rxd6 26.
Rxd6 a6 27. Na7 Kxd6 28. Nxc8+ Kc7 29. Nxb6 Kxb6 30. Kf3 Nb4 31. a3 Nd3 32. b3 a5 33.
Ke3 Nc5 34. b4 axb4 35. axb4 Nd7 36. Kd4 Kb5 37. Kc3 e5 38. f4 f6 39. h4 h5 40. Kb3 Nf8 41. Kc3 Ne6 42. f5 Nd4 43. Kd3 Nc6 44. Ke3 Kxb4 45. Kf3 Nd4+ 46. Kg2 Kc5 47. g4 hxg4 48. Kg3 Nf3 49. Kxg4 Nxh4 50. Kxh4 Kd4 51. Kh5 Kxe4 52. Kg6 Kf4 53. Kxg7 Kxf5 54.
Kf7 e4 55. Ke7 e3 56. Kf7 e2 57. Kf8 e1=Q 58. Kg7 Ke5 59. Kg8 f5 60. Kf7 f4 61.
Kg6 f3 62. Kg5 f2 63. Kg4 f1=Q 64. Kh5 Qh3+ 65. Kg6 Qeg3+ 66. Kf7 Qd7+ 67. Kf8 Qgg7# 0-1

[Event "Late-Titled-Tuesday-Blitz-June-04-2024"]
[Site "Chess.com"]
[Date "2024.06.04"]
[Round "4"]
[White "alex1531"]
[Black "arctic_t00"]
[Result "1-0"]
[WhiteElo "2447"]
[BlackElo "2627"]
[TimeControl "180+1"]
[EndTime "14:38:22 PDT"]
[Termination "alex1531 won by resignation"]

1. d4 d5 2. Nc3 Nf6 3. Bg5 Nbd7 4. Qd3 h6 5. Bxf6 Nxf6 6. e4 dxe4 7. Nxe4 Nxe4 8. Qxe4 c6 9. Nf3 Qb6 10. O-O-O Be6 11.
d5 cxd5 12. Rxd5 Bxd5 13. Qxd5 e6 14. Bb5+ Ke7 15. Qd7+ Kf6 16. Rd1 Bc5 17. Ne5 Kxe5 18. Qxf7 Rhd8 19. Qxg7+ Kf5 20. Bd3+ Rxd3 21. Rxd3 Bxf2 22.
Rf3+ Ke4 23. Qg4+ Kd5 24. Rd3+ Kc6 25. Qxe6+ Kb5 26. Rb3+ Ka5 27. Rxb6 Bxb6 28. Qc4 Rd8 29. b4+ Ka4 30. Qb3+ Kb5 31. a4+ Kc6 32. a5 Bd4 33. Qc4+ 1-0

[Event "Late-Titled-Tuesday-Blitz-June-04-2024"]
[Site "Chess.com"]
[Date "2024.06.04"]
[Round "4"]
[White "ENajer77"]
[Black "Maus7"]
[Result "1-0"]
[WhiteElo "2855"]
[BlackElo "2563"]
[TimeControl "180+1"]
[EndTime "14:38:23 PDT"]
[Termination "ENajer77 won on time"]

1. d4 Nf6 2. c4 e6 3. Nf3 Bb4+ 4. Bd2 a5 5. g3 d6 6. Bg2 Nbd7 7.
O-O e5 8. Be3 O-O 9. dxe5 Nxe5 10. Nxe5 dxe5 11. a3 Be7 12. Nc3 c6 13. Qxd8 Rxd8 14. Bb6 Re8 15. Rfd1 Be6 16. b3 h6 17.
Bc7 Nd7 18. Ne4 Nc5 19. Nd2 f6 20. Bb6 Nd7 21. Be3 Bc5 22. Bxc5 Nxc5 23. b4 axb4 24. axb4 Rxa1 25. Rxa1 Rd8 26. Ra2 Na6 27. b5 cxb5 28.
Bxb7 Nc5 29. Ba6 b4 30. Bb5 Bh3 31. f3 Be6 32. Rb2 Rd4 33. Kf2 b3 34. Ke3 1-0

[Event "Late-Titled-Tuesday-Blitz-June-04-2024"]
[Site "Chess.com"]
[Date "2024.06.04"]
[Round "4"]
[White "Supelyel"]
[Black "malti"]
[Result "1-0"]
[WhiteElo "2433"]
[BlackElo "2112"]
[TimeControl "180+1"]
[EndTime "14:38:23 PDT"]
[Termination "Supelyel won on time"]

1. c4 Nf6 2. Nc3 g6 3. g3 Bg7 4.
Bg2 O-O 5. Nf3 d6 6. O-O e5 7. d3 Nc6 8. Bg5 h6 9. Bxf6 Qxf6 10. Rb1 a5 11. a3 Qd8 12. b4 axb4 13. axb4 f5 14.
Qc2 Be6 15. b5 Ne7 16. Nd2 c6 17. bxc6 bxc6 18. Rb7 d5 19. Rfb1 e4 20. Na4 Bc8 21. R7b6 Bd4 22. Rb8 Rxb8 23. Rxb8 e3 24. fxe3 Bxe3+ 25. Kh1 Qa5 26. Nf1 Ba7 27. Rb1 f4 28. c5 fxg3 29.
Nxg3 Nf5 30. Nxf5 Bxf5 31. Nb6 Qa6 32. e4 Bg4 33. exd5 cxd5 34. Nxd5 Qc8 35. c6 Rf2 36. Ne7+ Kh7 37. Qxf2 1-0

[Event "Late-Titled-Tuesday-Blitz-June-04-2024"]
[Site "Chess.com"]
[Date "2024.06.04"]
[Round "4"]
[White "chrisclaireredfield"]
[Black "Revan_2002"]
[Result "0-1"]
[WhiteElo "2551"]
[BlackElo "2797"]
[TimeControl "180+1"]
[EndTime "14:38:25 PDT"]
[Termination "Revan_2002 won by resignation"]

1. Nf3 Nf6 2. g3 d5 3. Bg2 c6 4.
c4 dxc4 5. O-O e6 6. Qc2 b5 7. a4 Bb7 8. Ne5 Qd4 9. Qc3 Qxc3 10. Nxc3 b4 11. Nb5 Na6 12. Nxc6 Bc5 13. d4 cxd3 14.
exd3 Nd5 15. Na5 O-O-O 16. Nxb7 Kxb7 17. d4 Bb6 18. a5 Bc7 19. Nxc7 Nxc7 20. Bf4 Nb5 21.
a6+ Kb6 22. Be3 Rc8 23. Rfc1 b3 24. Bxd5 exd5 25. Rc5 Rxc5 26. dxc5+ Kc6 27. Ra4 Rd8 28. Rb4 d4 29. Bd2 Kxc5 30. Rxb3 Kb6 31. Rf3 Rd7 32. Rf5 Kxa6 33. Kg2 Kb6 34. g4 Kc6 35. h4 Nd6 36. Ra5 Nc4 37. Ra6+ Kb5 0-1

[Event "Late-Titled-Tuesday-Blitz-June-04-2024"]
[Site "Chess.com"]
[Date "2024.06.04"]
[Round "4"]
[White "dasatcu90"]
[Black "1g60-1"]
[Result "1-0"]
[WhiteElo "2252"]
[BlackElo "2448"]
[TimeControl "180+1"]
[EndTime "14:38:25 PDT"]
[Termination "dasatcu90 won by resignation"]

1. d4 e6 2. Nf3 f5 3. g3 Nf6 4. Bg2 Be7 5. Nbd2 O-O 6. b3 a5 7. Bb2 a4 8. c4 a3 9. Bc3 d5 10. O-O Ne4 11. Nxe4 fxe4 12. Ne5 Nd7 13. Nxd7 Bxd7 14. f3 exf3 15. exf3 c6 16. f4 Bf6 17. Qd3 Qb6 18. c5 Qc7 19. Rae1 b6 20. b4 bxc5 21. dxc5 Bc8 22. Rf3 Ba6 23. Qd2 Rae8 24.
Be5 Bxe5 25. Rxe5 Bc8 26. Rxa3 Qf7 27. Rae3 Qg6 28. Qd3 Qf6 29. a4 Bd7 30. Bh3 Rb8 31. Qc3 h6 32. Bxe6+ Bxe6 33. Rxe6 Qf5 34. Rxc6 Qb1+ 35.
Kg2 Rxb4 36. Re2 d4 37. Qc2 Qa1 38. Rd6 Rfb8 39. c6 Rc8 40. c7 1-0

[Event "Late-Titled-Tuesday-Blitz-June-04-2024"]
[Site "Chess.com"]
[Date "2024.06.04"]
[Round "4"]
[White "Squirlolz"]
[Black "rhwr"]
[Result "1/2-1/2"]
[WhiteElo "2500"]
[BlackElo "2288"]
[TimeControl "180+1"]
[EndTime "14:38:25 PDT"]
[Termination "Game drawn by repetition"]

1. h4 e5 2. c4 Nc6 3. g3 d5 4. cxd5 Qxd5 5. Nf3 e4 6. Nc3 Qf5 7. Bh3 Qg6 8. Bxc8 Rxc8 9. Ng5 Nf6 10. Qb3 Rb8 11. Nd5 Bd6 12. Nxf6+ gxf6 13. Nh3 O-O 14. a3 Nd4 15. Qc4 c5 16. b4 b5 17.
Qa2 c4 18. Bb2 Nc2+ 19. Kf1 Nxa1 20. Qxa1 Be7 21. Nf4 Qf5 22. h5 h6 23. Rh4 Rfd8 24.
Bc3 Kh7 25. Ng2 Rb6 26. Ne3 Qe6 27. Rf4 Qh3+ 28. Kg1 Qxh5 29. Bxf6 Bxf6 30. Rxf6 Rxf6 31. Qxf6 Rxd2 32. g4 Qg6 33. Qf4 Rxe2 34. Nf5 h5 35. g5 Re1+ 36. Kh2 f6 37. Qc7+ Kh8 38. Qd8+ Kh7 39.
Qe7+ Kh8 40. Qf8+ Kh7 41. Qe7+ Kh8 42. Qd8+ Kh7 43. Qc7+ Kh8 44. Qd8+ 1/2-1/2

[Event "Late-Titled-Tuesday-Blitz-June-04-2024"]
[Site "Chess.com"]
[Date "2024.06.04"]
[Round "4"]
[White "katharinareinecke"]
[Black "mfschulz"]
[Result "0-1"]
[WhiteElo "1962"]
[BlackElo "2240"]
[TimeControl "180+1"]
[EndTime "14:38:25 PDT"]
[Termination "mfschulz won on time"]

1. d4 Nf6 2. Nf3 c5 3. g3 g6 4. Bg2 Bg7 5. O-O O-O 6. c4 cxd4 7. Nxd4 Nc6 8. Nxc6 bxc6 9. Nc3 Ba6 10. Qa4 Qb6 11.
Rb1 Rab8 12. b3 d6 13. Bb2 Bc8 14. Qxc6 Qxc6 15. Bxc6 Bf5 16. Rbc1 a5 17. Ba3 Rfc8 18.
Bg2 Bd7 19. Nd5 Kf8 20. e4 a4 21. b4 Ng4 22. c5 Ne5 23. f4 Nd3 24. Rb1 dxc5 25.
bxc5 Rxb1 26. Rxb1 Nxc5 27. Nb6 Bd4+ 28. Kh1 Rc7 29. Rc1 Be6 30. Nxa4 Ra7 31. Nxc5 Rxa3 32. Nxe6+ fxe6 33. Rc8+ Kf7 34. Rc2 e5 35. f5 Re3 36.
h3 h5 37. Rc1 Ra3 38. Rc2 g5 39. h4 Kf6 40. hxg5+ Kxg5 41. Kh2 h4 42. gxh4+ Kxh4 43. Bf1 Kg4 44. Be2+ Kf4 45. Bf1 Ra8 0-1

[Event "Late-Titled-Tuesday-Blitz-June-04-2024"]
[Site "Chess.com"]
[Date "2024.06.04"]
[Round "4"]
[White "bascheyaro"]
[Black "Rud_Makarian"]
[Result "0-1"]
[WhiteElo "2799"]
[BlackElo "2991"]
[TimeControl "180+1"]
[EndTime "14:38:26 PDT"]
[Termination "Rud_Makarian won by resignation"]

1. d4 Nf6 2. Nf3 c5 3. c4 e6 4. Nc3 d5 5. dxc5 Bxc5 6. cxd5 exd5 7. e3 O-O 8. Be2 Nc6 9. O-O a6 10. b3 d4 11. exd4 Nxd4 12. Nxd4 Bxd4 13. Bb2 Bf5 14. Bf3 Rc8 15. Na4 Bxb2 16. Nxb2 b5 17. a4 Qb6 18. axb5 axb5 19. Qe2 Rfe8 20. Qd2 Rc2 21. Qg5 Bg6 22. Nd1 h6 23. Qf4 Rd8 24. Ne3 Rb2 25. Qb4 Rbd2 26. Nc4 R2d4 27. Ra5 Rb8 28. Nxb6 Rxb4 29. Nd5 Rxb3 30.
Nxf6+ gxf6 31. Rc1 b4 32. Kf1 Rxf3 33. gxf3 b3 0-1

[Event "Late-Titled-Tuesday-Blitz-June-04-2024"]
[Site "Chess.com"]
[Date "2024.06.04"]
[Round "4"]
[White "ChempionBg"]
[Black "ExchangeAB"]
[Result "0-1"]
[WhiteElo "2241"]
[BlackElo "2467"]
[TimeControl "180+1"]
[EndTime "14:38:26 PDT"]
[Termination "ExchangeAB won on time"]

1. d4 d5 2. c4 c6 3. Nf3 Nf6 4. g3 Bf5 5. Bg2 e6 6. O-O h6 7. Nc3 Nbd7 8. b3 Be7 9. Bb2 O-O 10. Rc1 Ne4 11. Ne5 Nxe5 12. dxe5 Nxc3 13. Bxc3 dxc4 14. bxc4 Qxd1 15. Rcxd1 Rfd8 16. e4 Bg4 17. f3 Bc5+ 18. Kh1 Bh5 19. g4 Bg6 20. Rb1 b6 21. Rfd1 Kf8 22. Bf1 Ke7 23. Kg2 Rxd1 24. Rxd1 Rd8 25.
Rxd8 Kxd8 26. Bd3 Be3 27. Kg3 c5 28. f4 Bd4 29. Bxd4 cxd4 30. f5 Bh7 31. h4 Kc7 32. Kf4 Kc6 33. g5 hxg5+ 34. Kxg5 Kc5 35. h5 Kb4 36. f6 gxf6+ 37. exf6 Kc3 38. Kh6 Kxd3 39.
Kxh7 Kxe4 40. Kg7 d3 41. h6 d2 42. h7 d1=Q 43. h8=Q Qd7 44. Qh5 e5 45. Qxf7 Qh3 46. Qg6+ Kd4 47. f7 Qd7 48. Qf6 Qg4+ 49. Kh7 Qh5+ 50.
Kg8 Qg4+ 51. Qg7 Qe6 52. Qg5 e4 53. Kg7 e3 54. Qf6+ Qxf6+ 55. Kxf6 e2 56. f8=Q e1=Q 57. Qd6+ Kxc4 58. Qc7+ Kb4 59. Qxa7 Qc3+ 60. Ke6 Qc5 61. Kd7 Kc3 0-1

[Event "Late-Titled-Tuesday-Blitz-June-04-2024"]
[Site "Chess.com"]
[Date "2024.06.04"]
[Round "4"]
[White "IlyaGrigorjev"]
[Black "shimastream"]
[Result "1-0"]
[WhiteElo "2844"]
[BlackElo "2993"]
[TimeControl "180+1"]
[EndTime "14:38:28 PDT"]
[Termination "IlyaGrigorjev won by resignation"]

1. c4 e6 2. Nf3 d5 3. g3 d4 4. Bg2 c5 5. O-O Ne7 6. e3 Nec6 7. exd4 cxd4 8. d3 Be7 9. Re1 Nd7 10. Na3 a5 11. Nb5 Nc5 12. Bf4 O-O 13. Bc7 Qd7 14.
Ne5 Nxe5 15. Bxe5 f6 16. Bxd4 e5 17. Bd5+ Kh8 18. Bc3 Qf5 19. d4 Nd3 20. Re2 Nb4 21. Be4 Qh5 22. a3 Na6 23. Re3 Bg4 24. Bf3 f5 25. Bxg4 fxg4 26. Rxe5 Qf7 27. Qe2 Bf6 28. Re4 h5 29. Re1 b6 30. Re6 Nc7 31. Rxb6 Rae8 32.
Nd6 Qd7 33. Nxe8 Rxe8 34. Qd1 Ne6 35. d5 Ng5 36. Rxf6 Nh3+ 37. Kg2 gxf6 38. Bxf6+ Kg8 39. Rxe8+ Qxe8 40. Qd3 Kf7 41. Bd4 Qe1 42. Qf5+ Ke8 43.
Qe6+ Qxe6 44. dxe6 a4 45. Bf6 1-0

[Event "Late-Titled-Tuesday-Blitz-June-04-2024"]
[Site "Chess.com"]
[Date "2024.06.04"]
[Round "4"]
[White "MKlose11"]
[Black "Chessdude1987"]
[Result "1-0"]
[WhiteElo "2600"]
[BlackElo "2396"]
[TimeControl "180+1"]
[EndTime "14:38:28 PDT"]
[Termination "MKlose11 won on time"]

1. e4 e6 2. d4 d5 3. Nc3 Nf6 4. Bg5 h6 5. Bxf6 Qxf6 6. e5 Qd8 7. f4 c5 8. Nf3 Nc6 9. Ne2 cxd4 10. Nexd4 Qb6 11.
Rb1 Bd7 12. c3 Be7 13. Bd3 g5 14. fxg5 hxg5 15. g4 O-O-O 16. O-O f6 17. Kg2 fxe5 18. Nxc6 Qxc6 19. Nxe5 Qc7 20. Qe2 Bd6 21. Rbe1 Rdf8 22.
Rxf8+ Rxf8 23. Nxd7 Qxd7 24. Qxe6 Bf4 25. Bf5 Qxe6 26. Rxe6 Kc7 27. h3 Rd8 28. Kf3 a6 29. h4 Rd6 30. Re7+ Kb6 31. h5 d4 32. c4 d3 33. Re1 d2 34. Rd1 Kc5 35. b3 a5 36.
Ke2 a4 37. Rh1 1-0

[Event "Late-Titled-Tuesday-Blitz-June-04-2024"]
[Site "Chess.com"]
[Date "2024.06.04"]
[Round "4"]
[White "eljanov"]
[Black "Jagerrmeisterr"]
[Result "1-0"]
[WhiteElo "2917"]
[BlackElo "2682"]
[TimeControl "180+1"]
[EndTime "14:38:31 PDT"]
[Termination "eljanov won by checkmate"]

1. d4 Nf6 2. Bf4 b6 3. e3 Bb7 4.
c4 e6 5. Nc3 Bb4 6. Ne2 O-O 7.
a3 Bxc3+ 8. Nxc3 d6 9. Bg5 Nbd7 10. f3 h6 11. Bh4 Qe8 12. Be2 e5 13. Nb5 Qc8 14. O-O Re8 15. e4 a6 16. Nc3 Nh5 17.
Re1 Nf4 18. Bf1 exd4 19. Qxd4 Nc5 20. Rad1 Ng6 21. Bf2 Kh8 22. b4 Ne6 23. Qd2 Qd8 24.
Nd5 a5 25. Qb2 axb4 26. axb4 Ra4 27. c5 bxc5 28. Bb5 Ra8 29. Bxe8 Qxe8 30. bxc5 Bc6 31.
cxd6 cxd6 32. Nb4 Rb8 33. Qc3 Bb5 34. Rxd6 Rc8 35. Qd2 Rc4 36. Nd5 Qb8 37. Ne3 Rc8 38. Rb1 Ngf4 39. Nf5 Ne2+ 40. Kh1 Nc3 41. Rc1 Qc7 42.
h3 Qa5 43. Bd4 Nxd4 44. Qxd4 f6 45. Rxf6 Rc7 46. Rxh6+ Kg8 47. Qd8+ Kf7 48. Nd6# 1-0

[Event "Late-Titled-Tuesday-Blitz-June-04-2024"]
[Site "Chess.com"]
[Date "2024.06.04"]
[Round "4"]
[White "Hasangatin_Ramil"]
[Black "JonasGallasch"]
[Result "1-0"]
[WhiteElo "2726"]
[BlackElo "2505"]
[TimeControl "180+1"]
[EndTime "14:38:33 PDT"]
[Termination "Hasangatin_Ramil won by resignation"]

1. e4 Nf6 2. d3 Nc6 3. Nf3 e5 4. c3 d5 5. Nbd2 dxe4 6. dxe4 Bc5 7. Bb5 O-O 8. O-O Bg4 9. h3 Bh5 10. Qe2 Re8 11. b4 Bb6 12. a3 a5 13. Bb2 axb4 14.
axb4 Qe7 15. Nc4 Ba7 16. Bxc6 bxc6 17. Ra5 Bb6 18. Rxe5 Qd7 19. Rxh5 Nxh5 20. Nfe5 Qe6 21. Qxh5 f6 22. Nxb6 cxb6 23. Nf3 Ra2 24. Bc1 Qxe4 25. Re1 Re2 26. Rxe2 Qxe2 27. Be3 g6 28. Qh4 Qd1+ 29. Kh2 Qd6+ 30. Qf4 Qxf4+ 31. Bxf4 Re4 32. Be3 Rc4 33. Bxb6 Rxc3 34. Bc5 Ra3 35. Nd4 Ra6 36. g4 Kf7 37. Kg3 Ke8 38. h4 Kd7 39. f3 Ra1 40. Kf4 Rh1 41. Kg3 Rg1+ 42. Kh2 Rd1 43. h5 Rf1 44. Kg2 Ra1 45. Ne2 Ra2 46. Kf2 Ke6 47. Ke3 g5 48.
Nd4+ Kd5 49. Nf5 Ra3+ 50. Kf2 Rb3 51. Ne7+ Ke6 52. Nxc6 Rb2+ 53. Kg3 Kd5 54. Ne7+ Ke6 55. Nf5 Rb1 56. Kf2 Rb2+ 57. Ke3 Rb3+ 58. Ke4 Rb1 59. Nd4+ Kf7 60. Kd5 Ke8 61. Kc6 Kd8 62. b5 Kc8 63. b6 Rc1 64. Nf5 Rc2 65. Nd6+ Kb8 66. Ne4 h6 67. Nxf6 Rc3 68. Ng8 Rxf3 69. Bd6+ 1-0

[Event "Late-Titled-Tuesday-Blitz-June-04-2024"]
[Site "Chess.com"]
[Date "2024.06.04"]
[Round "4"]
[White "ShiroglanTalibov"]
[Black "nihalsarin"]
[Result "1-0"]
[WhiteElo "2920"]
[BlackElo "3231"]
[TimeControl "180+1"]
[EndTime "14:38:34 PDT"]
[Termination "ShiroglanTalibov won by resignation"]

1. e4 Nf6 2. e5 Nd5 3. c4 Nb6 4. d4 d5 5. c5 N6d7 6. Nc3 Nc6 7. Bg5 h6 8. Bh4 Ndb8 9. h3 Bf5 10. Nf3 g5 11. Bg3 e6 12. Bd3 Bxd3 13. Qxd3 Na6 14. a3 Nab8 15. b4 a6 16. O-O h5 17. h4 gxh4 18. Bxh4 Be7 19. g3 Nd7 20. Ne2 Bxh4 21.
Nxh4 Qg5 22. Qe3 Qg4 23. Kh2 O-O-O 24. f3 Qg7 25. Rab1 f6 26. f4 Kb8 27. a4 fxe5 28. fxe5 Ndxe5 29. dxe5 Nxe5 30. Kh1 Nc4 31. Qd3 Qg4 32.
Kh2 e5 33. Ng1 Rhg8 34. Rb3 e4 35. Qd4 Rdf8 36. Rxf8+ Rxf8 37. Nh3 e3 38. Qxg4 hxg4 39. Nf4 Nd2 40. Rd3 Rxf4 41. gxf4 e2 42. Ng2 Nc4 43. Rxd5 Ne3 44. Re5 Nf1+ 45. Kg1 Nd2 46.
Kf2 Nf3 47. Rxe2 Kc8 48. f5 Nd4 49. f6 Nxe2 50. f7 1-0

[Event "Late-Titled-Tuesday-Blitz-June-04-2024"]
[Site "Chess.com"]
[Date "2024.06.04"]
[Round "4"]
[White "Charodej1"]
[Black "traviscottofficial"]
[Result "0-1"]
[WhiteElo "2480"]
[BlackElo "2681"]
[TimeControl "180+1"]
[EndTime "14:38:34 PDT"]
[Termination "traviscottofficial won by resignation"]

1. e4 d6 2. d4 Nf6 3. Nc3 e5 4. Nf3 Nc6 5. Bb5 Bd7 6. O-O Be7 7. Re1 exd4 8. Nxd4 Nxd4 9. Qxd4 Bxb5 10. Nxb5 O-O 11. c4 Nd7 12. Nc3 Bf6 13. Qd1 Bxc3 14. bxc3 Ne5 15. Qd4 Qh4 16. Rf1 Nc6 17. Qd5 Rfe8 18. f4 Qe7 19. Re1 Qe6 20. Bd2 Qxd5 21. cxd5 Na5 22.
Rad1 Re7 23. Bc1 Rae8 24. Rd4 f5 25. e5 dxe5 26. fxe5 Rxe5 27. Rxe5 Rxe5 28. Bf4 Re7 29. Ra4 b6 30. Kf2 Kf7 31. c4 Re4 32. Bxc7 Rxc4 33.
Rxc4 Nxc4 34. Bb8 a5 35. Ke2 b5 36. Kd3 Ke7 37. Kd4 Nb6 38. Bf4 Nd7 39. Bd2 a4 40.
Bb4+ Kf6 41. Bd6 g5 42. h3 f4 43. a3 Kf5 44. Bb8 h5 45. Bc7 g4 46. d6 g3 47.
Kd5 f3 48. Kc6 Ne5+ 49. Kb7 f2 0-1

[Event "Late-Titled-Tuesday-Blitz-June-04-2024"]
[Site "Chess.com"]
[Date "2024.06.04"]
[Round "4"]
[White "garfield_pg"]
[Black "LoonsDeKoeben"]
[Result "0-1"]
[WhiteElo "2459"]
[BlackElo "2304"]
[TimeControl "180+1"]
[EndTime "14:38:35 PDT"]
[Termination "LoonsDeKoeben won by resignation"]

1. d4 Nf6 2. Bf4 b6 3. Nc3 Bb7 4. f3 e6 5. e4 Bb4 6. Bd3 c5 7. a3 cxd4 8. axb4 dxc3 9. bxc3 d5 10. e5 Nh5 11. Qd2 Qh4+ 12. g3 Qe7 13. Ne2 Nxf4 14. Nxf4 Qg5 15. Qe3 Nc6 16. Bb5 O-O 17. Bxc6 Bxc6 18.
O-O Qf5 19. Rf2 h6 20. Ne2 Qg5 21. f4 Qg4 22. Nd4 Bb7 23. f5 exf5 24. Rxf5 Qe4 25.
Qxe4 dxe4 26. Re1 Bd5 27. Re3 a5 28. bxa5 bxa5 29. c4 Bxc4 30. Rxe4 a4 31. c3 Bd3 32. Rg4 Bxf5 33. Nxf5 g6 34. Ne7+ Kg7 35. Nf5+ Kh7 36.
Nd4 a3 37. Nc2 a2 38. Na1 Rfb8 39. Rb4 Rxb4 40. cxb4 0-1

[Event "Late-Titled-Tuesday-Blitz-June-04-2024"]
[Site "Chess.com"]
[Date "2024.06.04"]
[Round "4"]
[White "BabageldiAnnaberdiyev"]
[Black "VladimirBugayev"]
[Result "1-0"]
[WhiteElo "2622"]
[BlackElo "2325"]
[TimeControl "180+1"]
[EndTime "14:38:37 PDT"]
[Termination "BabageldiAnnaberdiyev won on time"]

1. e4 c6 2. d4 d5 3. Nd2 dxe4 4. Nxe4 Nf6 5. Nxf6+ exf6 6. Bc4 Na6 7. Nf3 Nc7 8.
O-O Be6 9. Bxe6 Nxe6 10. c3 Bd6 11. Qb3 Qb6 12. Qxb6 axb6 13. a3 b5 14. Rb1 Nc7 15.
Re1+ Kd7 16. Bd2 Rhe8 17. Kf1 g5 18. g3 h5 19. Rxe8 Rxe8 20. Re1 Re6 21. Re2 Nd5 22. Ne1 Nb6 23. Nd3 Nc4 24. Bc1 b6 25. f4 g4 26. Nf2 f5 27. Nd3 f6 28. Rxe6 Kxe6 29. Ke2 Kd5 30. Ne1 Ke4 31. Nd3 Kd5 32. Ne1 Ke4 33.
Ng2 c5 34. Nh4 cxd4 35. cxd4 b4 36. axb4 Bxb4 37. b3 Na5 38. d5 Nxb3 39. Bb2 Bd6 40. Kd1 Nc5 41. Bxf6 Nd3 42. Ke2 b5 43. Kd2 Nxf4 44.
gxf4 Bxf4+ 45. Ke2 Bxh2 46. Be7 1-0

[Event "Late-Titled-Tuesday-Blitz-June-04-2024"]
[Site "Chess.com"]
[Date "2024.06.04"]
[Round "4"]
[White "Jahonas"]
[Black "MiguelBestard1981"]
[Result "1-0"]
[WhiteElo "2449"]
[BlackElo "2204"]
[TimeControl "180+1"]
[EndTime "14:38:37 PDT"]
[Termination "Jahonas won by resignation"]

1. d4 d5 2. Nf3 Bf5 3. c3 c6 4.
Bf4 e6 5. e3 Nd7 6. Bd3 Bxd3 7.
Qxd3 f5 8. O-O Ngf6 9. Ne5 Nxe5 10. Bxe5 Bd6 11. Bxd6 Qxd6 12. f4 O-O 13. Nd2 Ne4 14.
Nxe4 fxe4 15. Qe2 Rf6 16. b4 a6 17. a3 Raf8 18. c4 Rh6 19. c5 Qe7 20. g3 Rf5 21.
Rf2 g5 22. Raf1 gxf4 23. Rxf4 Qf7 24. Qg4+ Rg6 25. Rxf5 exf5 26. Qxf5 Qxf5 27. Rxf5 Kg7 28. Kg2 h6 29. h3 Re6 30. g4 Re8 31. Kg3 Kg6 32. Kf4 Kg7 33. h4 Kg6 34. h5+ Kg7 35. g5 hxg5+ 36. Kxg5 Re7 37. a4 Re8 38. h6+ Kg8 39.
Kg6 a5 40. bxa5 Ra8 41. Rf7 Kh8 42. h7 Re8 43. Rxb7 Re6+ 44. Kf7 Rf6+ 45. Ke8 Rf8+ 46. Kd7 Kxh7 47. Kxc6+ Kg6 48. a6 Rf6+ 49. Kxd5 Rxa6 50. Rb6+ Kf5 51. Rxa6 1-0